 Dungeon Crawl Stone Soup version 0.25-a0-972-g74ed164fb1 (webtiles) character file.

Game seed: 12186783011555083585, levelgen mode: deterministic

196 Azyl the Changer (level 5, 0/40 HPs)
             Began as a Draconian Transmuter on May 9, 2020.
             Slain by Grinder (9 damage)
             ... on level 3 of the Dungeon.
             The game lasted 00:11:53 (3064 turns).

Azyl the Changer (Draconian Transmuter)             Turns: 3064, Time: 00:11:54

Health: 0/40       AC:  5    Str: 13    XL:     5   Next: 46%
Magic:  2/8        EV: 12    Int: 14    God:
Gold:   121        SH:  0    Dex: 11    Spells: 6/9 levels left

rFire    + . .     SeeInvis .     - Unarmed
rCold    . . .     Gourm    .   (no shield)
rNeg     . . .     Faith    .   (armour unavailable)
rPois    .         Spirit   .   (helmet restricted)
rElec    .         Reflect  .   (no cloak)
rCorr    +         Harm     .   (no gloves)
MR       .....                  (no boots)
Stlth    +.........             (no amulet)
HPRegen  0.13/turn              b - ring of resist corrosion
MPRegen  0.11/turn              l - ring of protection from fire

@: lethally poisoned (0 -> -3)
A: unfitting armour, cold-blooded, AC +5
a: no special abilities


You were on level 3 of the Dungeon.
You were hungry.

You visited 1 branch of the dungeon, and saw 3 of its levels.

You collected 121 gold pieces.

Inventory:

Missiles
 a - 57 arrows
Jewellery
 b - a ring of resist corrosion (left hand)
 l - a ring of protection from fire (right hand)
Scrolls
 e - a scroll of identify {unknown}
 f - 2 scrolls of remove curse {unknown}
 i - a scroll of fear {unknown}
 j - a scroll of enchant armour {unknown}
 n - a scroll of enchant weapon {unknown}
 p - a scroll of immolation {unknown}
 r - a scroll of magic mapping {unknown}
 s - a scroll of noise {unknown}
Potions
 d - a potion of mutation {unknown}
 g - 2 potions of heal wounds {unknown}
 h - a potion of magic {unknown}
 m - a potion of might {unknown}
 o - a potion of brilliance {unknown}
 q - a potion of lignification {unknown}
Comestibles
 c - 5 rations
 k - 3 chunks of flesh


   Skills:
 - Level 1.1 Fighting
 - Level 1.7 Dodging
 - Level 0.4 Stealth
 - Level 3.9 Unarmed Combat
 - Level 2.5 Spellcasting
 * Level 4.7 Transmutations


You had 6 spell levels left.
You knew the following spells:

 Your Spells              Type           Power        Failure   Level  Hunger
a - Beastly Appendage     Tmut           ###...       3%          1    #......
b - Sticks to Snakes      Tmut           ###.....     4%          2    ###....

Your spell library contained the following spells:

 Spells                   Type           Power        Failure   Level  Hunger
 Spider Form              Tmut/Pois      #.........   26%         3    ###....
 Ice Form                 Ice/Tmut       #.......     63%         4    #####..
 Blade Hands              Tmut           ###.......   65%         5    ######.


Dungeon Overview and Level Annotations

Branches:
Dungeon (3/15)

Altars:

Annotations:
D:3 Grinder


Innate Abilities, Weirdness & Mutations

Your plain brown scales are hard. (AC +5)
You cannot fit into any form of body armour.
You are cold-blooded and may be slowed by cold attacks.


Message History

Grinder is moderately wounded.
You feel sick. Grinder gestures at you. Pain shoots through your body!
You hit Grinder. You tail-slap Grinder.
Grinder is moderately wounded.
Grinder closely misses you.
You barely miss Grinder.
Grinder is moderately wounded.
You feel sick. Grinder hits you.
You writhe in agony.
* * * LOW HITPOINT WARNING * * *
You punch Grinder!
Grinder is heavily wounded.
Your horns disappear.
Grinder zaps a wand.
The puff of flame hits you. You resist.
* * * LOW HITPOINT WARNING * * *
Casting: Sticks to Snakes (safe; 4% risk of failure)
Confirm with . or Enter, or press ? or * to list all spells.
You create a snake!
You now have 57 arrows.
Grinder hits you!
You die...

##
###.##.....#.##
.##
##....#......
#.#####
##.#...รท....
##))..#
#.###....##
#)###.#
#........#
.))...#
#........##
......#
#.###......
......#
########.#
###.### ......#
#@5S.....# #.#
......###
#)######## #.#
........ #)#
......### #.#
......### ...
......... .#.
#.##.### #. .#
#.##.# ## ##
#.##.#


You could see Grinder and a friendly ball python.

Vanquished Creatures
  Jessica (D:3)
  An orc wizard (D:3)
  Robin (D:3)
  8 adders
  2 oozes
  A worm (D:3)
  2 dart slugs
  6 orcs
  6 goblins
  8 hobgoblins
  2 jackals (D:1)
  3 bats
  2 frilled lizards
  4 kobolds
  6 rats
53 creatures vanquished.

Vanquished Creatures (collateral kills)
  4 goblins (D:3)
4 creatures vanquished.

Grand Total: 57 creatures vanquished

Notes
Turn   | Place    | Note
-------+----------+-------------------------------------------
     0 | D:1      | Azyl the Draconian Transmuter began the quest for the Orb.
     0 | D:1      | Reached XP level 1. HP: 16/16 MP: 3/3
   467 | D:1      | Reached XP level 2. HP: 20/23 MP: 3/5
  1460 | D:2      | Reached XP level 3. HP: 28/28 MP: 4/6
  1781 | D:2      | Learned a level 2 spell: Sticks to Snakes
  2173 | D:3      | Reached XP level 4. HP: 34/35 MP: 5/7
  2187 | D:3      | Reached skill level 3 in Transmutations
  2790 | D:3      | Reached skill level 4 in Transmutations
  2806 | D:3      | Reached XP level 5. HP: 40/40 MP: 8/8
  2818 | D:3      | Noticed Jessica
  2828 | D:3      | Killed Jessica
  3021 | D:3      | Identified the +0 helmet "Peupsun" {+Blink rC+ Str+2 Int+4}
  3021 | D:3      | Noticed Robin
  3024 | D:3      | Noticed Grinder
  3059 | D:3      | Killed Robin
  3064 | D:3      | Slain by Grinder

Illustrated notes

Levels and vault maps discovered:
D:1:      evilmike_arrival_rings, layout_basic
D:2:      layout_rooms
D:3:      layout_loops_ring, uniq_robin, uniq_jessica, uniq_grinder

Skill      XL: |  1  2  3  4 |
---------------+-------------+-----
Transmutations | 4 |  4.7
Fighting       | |  1.1
Dodging        | |  1.7
Stealth        | |  0.4
Unarmed Combat | |  3.9
Spellcasting   | |  2.5

Action                   |  1- 3 |  4- 6 || total
-------------------------+-------+-------++-------
Melee: Unarmed           |   105 |    75 ||   180
       Kick              |     3 |    10 ||    13
       Headbutt          |     5 |     9 ||    14
       Tailslap          |    10 |     5 ||    15
       Punch             |       |     1 ||     1
 Cast: Beastly Appendage |    13 |    10 ||    23
       Sticks to Snakes  |       |     7 ||     7
 Stab: Sleeping          |     4 |       ||     4
       Distracted        |       |     1 ||     1
  Eat: Chunk             |     4 |     3 ||     7
Armor: Skin              |    28 |    10 ||    38
Dodge: Dodged            |    45 |    42 ||    87

Table legend:
 A = Non-vault XP
 B = Vault XP
 C = Vault XP percentage of total XP
 D = Non-vault monster count
 E = Vault monster count
 F = Vault count percentage of total count
                 A         B        C        D         E       F
            +---------+---------+-------+---------+---------+-------
      Total |     218 |      63 |  22.4 |      45 |      12 |  21.1
            +---------+---------+-------+---------+---------+-------
        D:1 |      27 |       0 |   0.0 |      14 |       0 |   0.0
        D:2 |      53 |       0 |   0.0 |      11 |       0 |   0.0
        D:3 |     138 |      63 |  31.3 |      20 |      12 |  37.5
            +---------+---------+-------+---------+---------+-------
